cohdb
Replays
Latest Replays
All Replays
Popular Replays
Top Player Replays
Match Explorer
How It Works
Community
CoH3 Stats
Reddit
Sign in to upload your games and track your stats! →
Sign in with Steam
Match 45667384
Unlisted
Match 45667384
Overview
Messages
Build Orders
End
Construct Barracks
Selects Heavy Weapons
Riflemen Squad
Riflemen Squad
M1 Mortar Team
Construct Weapon Support Center
M1919 Machine Gun Team
Grenade Package
Selects M2HB .50cal Heavy Machine Gun
Air Support Center
M1 Mortar Team
Bazooka Squad
Construct Medical Station
Riflemen Squad
P-47 Dive Bomb
Double Sortie
Advanced Air Reconnaissance
P-47 Strafing Run
M3 Armored Personnel Carrier
Don Pitudo
smug_master
gihof NAFO
el menda lerenda
Elin77782
Mandrill
0
0
Comments
sign in to comment!
No comments posted yet!